[Event "Team 45 45 League T82"]
[Site "Internet Chess Club"]
[Date "2019.10.13"]
[Round "3"]
[White "clarinetref"]
[Black "noblitz-oblige"]
[Result "1-0"]
[WhiteElo "1518"]
[BlackElo "1524"]
[Opening "Réti opening"]
[ECO "A09"]
[Time "19:36:54"]
[TimeControl "2700+45"]

1. Nf3 d5 2. c4 Nf6 3. g3 Nc6 4. cxd5 Nxd5 5. d4 g6 6. Bg2 Bg7 7. e3 O-O 8. O-O
Bf5 9. Re1 Nf6 10. a3 Qd7 11. Nc3 Bh3 12. Bh1 Rad8 13. Ng5 h6 14. Nxh3 Qxh3 15.
Bg2 Qd7 16. b4 a6 17. Bb2 e6 18. Qc2 Nd5 19. Ne4 b6 20. Rec1 Nce7 21. Nd2 c6 22.
Nc4 b5 23. Na5 Rc8 24. Nb3 Qa7 25. Qd2 Rfd8 26. Nc5 Nb6 27. Bf1 e5 28. Rd1 Nf5
29. g4 Nh4 30. Qe2 Nc4 31. Bc3 Re8 32. dxe5 Bxe5 33. Bxe5 Nxe5 34. Bg2 Nxg2 35.
Kxg2 Rcd8 36. h3 a5 37. Rxd8 Rxd8 38. Qb2 Nc4 39. Qf6 Rd2 40. Re1 Nxa3 41. Qxc6
axb4 42. Ne4 Rc2 43. Qe8+ Kg7 44. Qe5+ Kg8 45. Nf6+ Kg7 46. Nd5+ f6 47. Qxf6+
Kh7 48. Nxb4 Rd2 49. Nc6 Qb7 50. Kg3 Qc7+ 51. f4 Nc4 52. Ne7 {Black forfeits on
time} 1-0

[Event "Team 45 45 League T82"]
[Site "Internet Chess Club"]
[Date "2019.10.13"]
[Round "3"]
[White "chesskix"]
[Black "sdcohle"]
[Result "0-1"]
[WhiteElo "1292"]
[BlackElo "1313"]
[Opening "King's pawn opening"]
[ECO "B07"]
[Time "20:02:36"]
[TimeControl "2700+45"]

1. e4 d6 2. d4 c6 3. Nf3 Bg4 4. Be2 Qc7 5. O-O e5 6. d5 Nf6 7. h3 Bh5 8. Nc3 Be7
9. Bg5 Nbd7 10. Qd2 Bg6 11. Bd3 Qd8 12. Rfe1 Nxd5 13. exd5 Bxd3 14. Bxe7 Qxe7
15. Qxd3 O-O 16. Rad1 Nc5 17. Qe3 Rfe8 18. Ng5 h6 19. Nge4 Nxe4 20. Nxe4 c5 21.
c4 f5 22. Nc3 f4 23. Qe4 Rf8 24. Rd3 Qg5 25. Qf3 Rf6 26. Ne4 Qg6 27. Nxf6+ Qxf6
28. Qg4 Re8 29. Re4 g5 30. Rf3 Qg6 31. Re1 Re7 32. Rc3 Kg7 33. Qd1 e4 34. f3 e3
35. Qc2 Qf6 36. Qd3 h5 37. Rc2 Kh6 38. Rce2 h4 39. Qc3 Qg6 40. Qh8+ Rh7 41. Qf8+
Rg7 42. Qc8 Kh7 43. Rd1 Kh6 44. Qe6 Kh7 45. Qxg6+ Kxg6 46. Rd3 Re7 47. a3 a5 48.
b4 axb4 49. axb4 b6 50. bxc5 bxc5 51. Rb3 Kf6 52. Rb6 Rd7 53. Kf1 Ke5 54. Reb2
Kd4 55. Ke2 Kxc4 56. Rb7 Rd8 57. Rg7 Kxd5 58. Rxg5+ Kd4 59. Rg4 Rf8 60. Rxh4 c4
61. Rb4 Kc3 62. Rb6 d5 63. Rh5 d4 64. Rd5 d3+ 65. Ke1 d2+ 66. Ke2 Kc2 67. Rbd6
Ra8 68. h4 Ra1 69. Rxd2+ exd2 70. Rxd2+ Kc3 71. h5 Rh1 72. Rd5 Kc2 73. Rd2+ Kc3
74. Rd5 Kc2 75. Rf5 c3 76. Rxf4 Rxh5 77. g4 Rh2+ 78. Ke3 Kc1 79. Rc4 c2 80. g5
Kb2 81. Rb4+ Kc3 82. Rb5 c1=Q+ 83. Ke4 Re2+ 84. Kf5 Qe3 {White resigns} 0-1

[Event "Team 45 45 League T82"]
[Site "Internet Chess Club"]
[Date "2019.10.14"]
[Round "3"]
[White "gregorgg"]
[Black "OGO"]
[Result "0-1"]
[WhiteElo "1169"]
[BlackElo "1228"]
[Opening "Queen's pawn: London system"]
[ECO "A45"]
[Time "15:00:33"]
[TimeControl "2700+45"]

1. d4 Nf6 2. Bf4 e6 3. Nf3 Nc6 4. e3 b6 5. c3 Bb7 6. Bd3 Be7 7. O-O O-O 8. Nbd2
d6 9. Bc2 Rc8 10. e4 a6 11. Re1 Nb8 12. e5 Nd5 13. Bg3 c5 14. Be4 Qd7 15. exd6
Bxd6 16. Ne5 Bxe5 17. Bxe5 cxd4 18. Bxd4 Ne7 19. Bxb6 Bxe4 20. Rxe4 Qc6 21. Bd4
Nf5 22. Qe2 f6 23. Rxe6 Nxd4 24. cxd4 Qc2 25. b3 Qb2 26. Qe1 Qxd4 27. Nc4 Rcd8
28. h3 h6 29. Rxa6 Nxa6 30. Qe6+ Kh8 31. Qxa6 Qxa1+ 32. Kh2 Rd1 33. b4 Rh1+ 34.
Kg3 Qc3+ 35. Ne3 Qe5+ 36. Kf3 g5 37. b5 Re1 38. b6 Qf4# {White checkmated} 0-1

[Event "Team 45 45 League T82"]
[Site "Internet Chess Club"]
[Date "2019.10.12"]
[Round "3"]
[White "kingsrook"]
[Black "seldredg"]
[Result "1-0"]
[WhiteElo "1239"]
[BlackElo "1354"]
[Opening "Dutch, 2.Bg5 variation"]
[ECO "A80"]
[Time "13:01:20"]
[TimeControl "2700+45"]

1. d4 f5 2. Bg5 h6 3. Bh4 d6 4. e3 c6 5. Qh5+ Kd7 6. Qxf5+ Ke8 7. Qh5+ Kd7 8.
Qf5+ Kc7 9. Qf7 Bd7 10. Nc3 Qe8 11. Qf4 g5 12. Bxg5 hxg5 13. Qxg5 Bh6 14. Qh4
Qg6 15. O-O-O Bf5 16. Rd2 Qg7 17. Qg3 Qf7 18. Bd3 Nd7 19. f4 Bxd3 20. Rxd3 Ngf6
21. Qf3 Nb6 22. b3 d5 23. Nge2 Rhg8 24. h3 a5 25. a4 e6 26. Rg1 Bf8 27. Kb1 Bb4
28. e4 Bxc3 29. Nxc3 Qe7 30. f5 Raf8 31. Qf4+ Kc8 32. g4 Rg7 33. e5 exf5 34.
exf6 Rxf6 35. Re3 Re6 36. Rge1 Rxe3 37. Rxe3 Qg5 38. Qxf5+ Qxf5 39. gxf5 Rg1+
40. Kb2 Rf1 41. Re8+ Kd7 42. Re5 Kd6 43. Re6+ Kd7 44. Re5 Rf4 45. Ne2 Rh4 46. f6
Rxh3 47. Re7+ Kd8 48. Nf4 Rf3 49. Ne6+ Kc8 50. Rc7+ Kb8 51. f7 Nc8 52. Rxc8+
Kxc8 53. f8=Q+ Rxf8 54. Nxf8 Kc7 55. c4 Kd6 56. c5+ Ke7 57. Ng6+ Kd7 58. Ne5+
Kc7 59. Kc3 b6 60. cxb6+ Kxb6 61. Nd7+ Kc7 62. Nc5 Kb6 63. b4 axb4+ 64. Kxb4 Ka7
65. Ka5 Kb8 66. Kb6 Ka8 67. Kxc6 Ka7 68. Kxd5 Kb6 69. Kd6 Ka5 70. Kc6 Kb4 71. d5
Kc4 72. d6 {Black resigns} 1-0

[Event "Team 45 45 League T82"]
[Site "Internet Chess Club"]
[Date "2019.10.11"]
[Round "3"]
[White "scostanzo212"]
[Black "Kingofknights"]
[Result "0-1"]
[WhiteElo "1594"]
[BlackElo "1583"]
[Opening "QGD Slav: Dutch variation"]
[ECO "D18"]
[Time "17:32:18"]
[TimeControl "2700+45"]

1. d4 d5 2. c4 c6 3. Nf3 Nf6 4. Nc3 dxc4 5. a4 Bf5 6. e3 Bd3 7. Bxd3 cxd3 8.
Qxd3 e6 9. O-O Na6 10. e4 Be7 11. e5 Nd5 12. Nd2 Nab4 13. Qg3 Rg8 14. f4 Nc2 15.
Rb1 Nxd4 16. Nde4 Nf5 17. Qf3 Qb6+ 18. Kh1 O-O-O 19. g4 Nh4 20. Qg3 Qb3 21. Nxd5
Qxd5 22. Re1 Qd3 23. Qxd3 Rxd3 24. Be3 a6 25. Bb6 Bb4 26. Red1 Rf3 27. Rd4 Be7
28. Nd6+ Bxd6 29. Rxd6 Rb3 30. a5 Rb5 31. Rbd1 Rd5 32. b4 Rxd1+ 33. Rxd1 Ng6 34.
Rd4 Ne7 35. Kg2 Nd5 36. Bc5 h5 37. g5 f6 38. exf6 gxf6 39. h4 Ne3+ 40. Kf3 Nf5
41. Rd1 Nxh4+ 42. Kg3 Nf5+ 43. Kf2 fxg5 44. fxg5 Rxg5 45. Bb6 Rg8 46. Re1 Kd7
47. Rd1+ Ke7 48. Bc5+ Ke8 49. Re1 Rg6 50. Kf3 h4 51. Rh1 Rg3+ 52. Kf4 Kf7 53.
Rxh4 Nxh4 54. Kxg3 Ng6 55. Kf3 e5 56. Ke4 Ke6 57. Ba7 Nf4 58. Bb6 Nd5 59. Bc5
Nf6+ 60. Ke3 Kd5 61. Kd3 Ng4 62. Kc3 e4 63. Kd2 Kc4 64. Ke2 Kc3 65. Bd6 Kc4 66.
Be7 Ne5 67. Ke3 Nd3 68. Kxe4 Nxb4 69. Ke5 Kb5 70. Bd8 c5 71. Ke4 c4 72. Ke3 c3
73. Ke2 Kc4 74. Kd1 Kb3 75. Bg5 c2+ 76. Kc1 Na2+ 77. Kd2 c1=Q+ {White resigns}
0-1

[Event "Team 45 45 League T82"]
[Site "Internet Chess Club"]
[Date "2019.10.10"]
[Round "3"]
[White "rkjulianjr"]
[Black "g8wrb"]
[Result "1-0"]
[WhiteElo "1360"]
[BlackElo "1264"]
[Opening "Nimzo-Indian: Reshevsky variation"]
[ECO "E46"]
[Time "13:08:35"]
[TimeControl "2700+45"]

1. d4 e6 2. c4 Nf6 3. Nc3 Bb4 4. e3 O-O 5. Ne2 c5 6. a3 cxd4 7. axb4 dxc3 8.
Nxc3 d5 9. b3 Nc6 10. Ba3 Re8 11. b5 Ne5 12. Be2 b6 13. Qd4 Ned7 14. cxd5 Bb7
15. Bf3 exd5 16. Nxd5 Nxd5 17. Bxd5 Bxd5 18. Qxd5 Nf6 19. Qxd8 Rexd8 20. Be7 Rd3
21. Bxf6 gxf6 22. Rb1 Rc8 23. Ke2 Rcc3 24. Rhd1 Rxb3 25. Rxd3 Rxb1 26. Ra3 Rxb5
27. Rxa7 Kg7 28. Rb7 Kg6 29. Kd3 Rb2 30. f4 Rxg2 31. Rxb6 Rxh2 32. e4 h5 33. e5
h4 34. Rxf6+ Kg7 35. Rf5 Rg2 36. Ke3 Rg6 37. Rh5 Rh6 38. Rxh6 Kxh6 39. Kf3 Kg6
40. Kg4 h3 41. Kxh3 Kf5 42. Kg3 Ke4 43. Kg4 Kd5 44. Kf5 Kd4 45. Kf6 Ke4 46. Kxf7
Kxf4 47. e6 {Black resigns} 1-0

[Event "Team 45 45 League T82"]
[Site "Internet Chess Club"]
[Date "2019.10.09"]
[Round "3"]
[White "CMAlge"]
[Black "seattleblues"]
[Result "0-1"]
[WhiteElo "1305"]
[BlackElo "1270"]
[Opening "Caro-Kann: classical variation"]
[ECO "B18"]
[Time "21:01:08"]
[TimeControl "2700+45"]

1. e4 c6 2. d4 d5 3. Nd2 dxe4 4. Nxe4 Bf5 5. Ng3 Bg6 6. Bc4 e6 7. N1e2 Nd7 8.
Nf4 Ngf6 9. h4 Be4 10. Qe2 Bd5 11. Nxd5 Nxd5 12. Bb3 Bd6 13. Bg5 N7f6 14. Nf5
O-O 15. Nxd6 Qxd6 16. O-O-O c5 17. dxc5 Qxc5 18. h5 h6 19. Bh4 a5 20. Bxf6 Nxf6
21. Bc4 Rac8 22. Rh4 Qg5+ 23. f4 Qxh4 24. g3 Qxh5 25. Qf1 Ne4 26. Bd3 Nxg3 27.
Qg2 Nf5 28. Rg1 Qg6 29. Qh2 Qf6 30. Rg4 Rc5 31. Qg1 Rfc8 {White resigns} 0-1

[Event "Team 45 45 League T82"]
[Site "Internet Chess Club"]
[Date "2019.10.09"]
[Round "3"]
[White "Just-Jim"]
[Black "SeniorCitizen"]
[Result "1/2-1/2"]
[WhiteElo "1223"]
[BlackElo "1184"]
[Opening "French: advance variation"]
[ECO "C02"]
[Time "13:01:19"]
[TimeControl "2700+45"]

1. e4 e6 2. d4 d5 3. e5 c5 4. c3 Nc6 5. Bb5 Qb6 6. Bxc6+ bxc6 7. Nf3 Ne7 8. O-O
Nf5 9. b3 cxd4 10. cxd4 Bb4 11. a3 Ba6 12. Re1 Bxe1 13. Qxe1 Nxd4 14. Nxd4 Qxd4
15. Nc3 O-O 16. Be3 Qxe5 17. Na4 d4 18. Bd2 Qxe1+ 19. Rxe1 Bd3 20. Nc5 Bg6 21.
Nd7 Rfe8 22. Ne5 Rac8 23. b4 a6 24. Rc1 Be4 25. Nc4 Red8 26. Bf4 h6 27. Nd6 Ra8
28. Nxe4 d3 29. Rxc6 Rd4 30. Nd2 Rxf4 31. Rd6 Rc8 32. g3 Rc1+ 33. Kg2 Rf5 34.
Rxd3 Rc6 35. Ne4 Rd5 36. Rf3 Kf8 37. Nc3 Rf5 38. Rxf5 exf5 39. Ne2 Rc2 40. Nd4
Ra2 41. Nxf5 Rxa3 42. Ne3 Rb3 43. Nd5 f6 44. Nc7 Rxb4 45. Nxa6 Ra4 46. Nc7 Kf7
47. h4 h5 48. Nb5 Kg6 49. Nc3 Rc4 50. Nd5 Ra4 51. Nf4+ Kh6 52. Nd3 g5 53. hxg5+
fxg5 54. Ne5 Kg7 55. Nd3 h4 56. Nc5 Rc4 57. Ne6+ Kf6 58. Nf8 hxg3 59. Kxg3 Ra4
60. Nd7+ Kf5 61. Nf8 Ra3+ 62. Kg2 g4 63. Nd7 Kf4 64. Nc5 Kf5 65. Kf1 g3 66. fxg3
Rxg3 67. Kf2 Ra3 68. Ke2 Kg4 69. Nd3 Kf5 70. Ke3 Ra4 71. Nc5 Rh4 72. Nd3 Ke6 73.
Nf4+ Kd6 74. Ng6 Ra4 75. Kf3 Ke6 76. Nf4+ Kd6 77. Ne2 Ke5 78. Ke3 Ra3+ 79. Kf2
Ke4 80. Ng3+ Kf4 81. Ne2+ Kg4 82. Kg2 Kh4 83. Kf2 Kg4 84. Nd4 Rg3 85. Ne2 Rf3+
86. Kg2 Rh3 87. Kf2 Rf3+ 88. Kg2 Rh3 89. Ng1 Ra3 90. Kf1 Ra2 91. Ke1 Kg3 92.
Ne2+ Kf3 93. Ng1+ Ke3 94. Kf1 Rf2+ 95. Ke1 Rh2 96. Kf1 Kd2 97. Nf3+ Kd3 98. Nxh2
{Game drawn because neither player has mating material} 1/2-1/2

[Event "Team 45 45 League T82"]
[Site "Internet Chess Club"]
[Date "2019.10.10"]
[Round "3"]
[White "Bumun"]
[Black "KidRattler"]
[Result "1-0"]
[WhiteElo "1599"]
[BlackElo "1604"]
[Opening "Two knights defense"]
[ECO "C57"]
[Time "16:04:45"]
[TimeControl "2700+45"]

1. e4 e5 2. Nf3 Nc6 3. Bc4 Nf6 4. Ng5 Nxe4 5. Nxf7 Qh4 6. Qe2 Nd4 7. g3 Nxe2 8.
gxh4 Nd4 9. Nxh8 Nxc2+ 10. Ke2 Nxa1 11. Nc3 Nd6 12. Bd3 b6 13. Rg1 Bb7 14. Bxh7
O-O-O 15. Bb1 Ba6+ 16. Kd1 Bc4 17. Ng6 Re8 18. b3 Nxb3 19. axb3 Bxb3+ 20. Bc2
Bxc2+ 21. Kxc2 Nf5 22. Rg5 Nd4+ 23. Kd3 Ne6 24. Rxe5 Bd6 25. Rf5 Nc5+ 26. Kc2
Bxh2 27. Ba3 Ne6 28. Rf7 a6 29. f4 Bg1 30. f5 Nd4+ 31. Kd3 b5 32. Bc5 Nf3 33.
Bxg1 Nxg1 34. Rxg7 c5 35. f6 c4+ 36. Kc2 b4 37. f7 b3+ 38. Kb2 Rd8 39. Rg8 d5
40. Rxd8+ Kxd8 41. f8=Q+ Kd7 42. Qf7+ Kc6 43. Qe6+ Kc5 44. Qxd5+ Kb6 45. Qxc4
Nf3 46. Qxb3+ Kc7 47. Qf7+ Kb6 48. Qxf3 Ka5 49. Qd5+ Kb6 50. Kb3 a5 51. Qb5+ Kc7
52. Nd5+ Kd6 53. Nge7 a4+ 54. Kc4 a3 55. Qb6+ Ke5 56. Qf6+ Ke4 57. Qf4# {Black
checkmated} 1-0

[Event "Team 45 45 League T82"]
[Site "Internet Chess Club"]
[Date "2019.10.11"]
[Round "3"]
[White "bardu"]
[Black "BrerRabbit"]
[Result "0-1"]
[WhiteElo "1348"]
[BlackElo "1374"]
[Opening "QGD Slav: Carlsbad variation"]
[ECO "D17"]
[Time "19:04:20"]
[TimeControl "2700+45"]

1. d4 d5 2. c4 c6 3. Nf3 Nf6 4. Nc3 dxc4 5. a4 Bf5 6. Ne5 Nbd7 7. Nxc4 Qc7 8. g3
e5 9. dxe5 Nxe5 10. Bf4 Nfd7 11. Bg2 f6 12. O-O g5 13. Nxe5 gxf4 14. Nxd7 Bxd7
15. Qd4 Qd6 16. Ne4 Qxd4 {White resigns} 0-1

[Event "Team 45 45 League T82"]
[Site "Internet Chess Club"]
[Date "2019.10.13"]
[Round "3"]
[White "pagliaci"]
[Black "guyd52"]
[Result "1-0"]
[WhiteElo "1204"]
[BlackElo "1263"]
[Opening "Robatsch defense: Pseudo-Austrian attack"]
[ECO "B06"]
[Time "11:00:48"]
[TimeControl "2700+45"]

1. e4 g6 2. d4 d6 3. Nc3 Bg7 4. f4 Nf6 5. Nf3 Bg4 6. Be2 Nbd7 7. O-O c6 8. h3
Bxf3 9. Bxf3 Qb6 10. Be3 Qxb2 11. Qd2 Qa3 12. Rab1 Qa6 13. Be2 b5 14. d5 cxd5
15. Bxb5 Qc8 16. Nxd5 Nxd5 17. exd5 O-O 18. Bd3 a5 19. f5 Bc3 20. Qe2 Ne5 21.
fxg6 fxg6 22. Bh6 Rxf1+ 23. Rxf1 Qc5+ 24. Kh1 Qxd5 25. Be4 Qxa2 26. Bxa8 Nf7 27.
Qd3 Nxh6 28. Bd5+ Qxd5 29. Qxd5+ Kg7 30. g4 Bf6 31. g5 Bxg5 32. Qxg5 a4 33.
Qxe7+ Kh8 34. Rf3 d5 35. Rf8+ Ng8 36. Qe5# {Black checkmated} 1-0

[Event "Team 45 45 League T82"]
[Site "Internet Chess Club"]
[Date "2019.10.11"]
[Round "3"]
[White "Conjurer"]
[Black "isaac13"]
[Result "0-1"]
[WhiteElo "1127"]
[BlackElo "1125"]
[Opening "Queen's pawn: London system"]
[ECO "A45"]
[Time "13:02:48"]
[TimeControl "2700+45"]

1. d4 Nf6 2. Bf4 g6 3. e3 d6 4. Nf3 Bg7 5. h3 Nc6 6. c4 b6 7. Nc3 Ba6 8. Bd3 O-O
9. b3 Nh5 10. Bh2 Re8 11. O-O e5 12. Be4 Qd7 13. d5 Ne7 14. Ng5 f5 15. Bf3 e4
16. Ngxe4 fxe4 17. Bg4 Nf5 18. Rc1 Nf6 19. Be2 Rac8 20. Qc2 Bb7 21. Nb5 Ra8 22.
b4 a6 23. Nd4 Nxd4 24. exd4 Bh6 25. Rcd1 Rac8 26. a4 c6 27. dxc6 Bxc6 28. d5
Bxa4 29. Qa2 Bxd1 30. Rxd1 e3 31. f3 Ra8 32. b5 axb5 {White resigns} 0-1

[Event "Team 45 45 League T82"]
[Site "Internet Chess Club"]
[Date "2019.10.11"]
[Round "3"]
[White "Hectormercado"]
[Black "dld6928"]
[Result "1-0"]
[WhiteElo "1550"]
[BlackElo "1300"]
[Opening "Ruy Lopez: Wormald (Alapin) attack"]
[ECO "C77"]
[Time "22:00:50"]
[TimeControl "2700+45"]

1. e4 e5 2. Nf3 Nc6 3. Bb5 a6 4. Ba4 Nf6 5. Qe2 Be7 6. c3 d6 7. d3 b5 8. Bc2 O-O
9. Nbd2 Bb7 10. O-O Re8 11. Rd1 Bf8 12. Nf1 Nb8 13. Ng3 Nbd7 14. Nf5 g6 15. Nh6+
Bxh6 16. Bxh6 Ng4 17. Bg5 Qxg5 18. Nxg5 {Black resigns} 1-0

[Event "Team 45 45 League T82"]
[Site "Internet Chess Club"]
[Date "2019.10.10"]
[Round "3"]
[White "Pawnchain"]
[Black "Balderdash"]
[Result "1/2-1/2"]
[WhiteElo "1418"]
[BlackElo "1345"]
[Opening "King's pawn game"]
[ECO "C50"]
[Time "10:00:24"]
[TimeControl "2700+45"]

1. e4 e5 2. Nf3 Nc6 3. Bc4 Qf6 4. c3 Bc5 5. d3 h6 6. Qe2 d6 7. Bb3 Bg4 8. Nbd2
O-O-O 9. h3 Bh5 10. Nf1 Na5 11. Bc2 d5 12. b4 Bb6 13. bxa5 Bxa5 14. Bd2 Bg6 15.
Ne3 dxe4 16. dxe4 Ne7 17. Nc4 Qa6 18. Nfxe5 Bh7 19. Nxa5 Qxa5 20. Bb3 {Game
drawn by mutual agreement} 1/2-1/2

[Event "Team 45 45 League T82"]
[Site "Internet Chess Club"]
[Date "2019.10.13"]
[Round "3"]
[White "areckx"]
[Black "oldbookseller"]
[Result "1-0"]
[WhiteElo "974"]
[BlackElo "1002"]
[Opening "QGD: Alekhine variation"]
[ECO "D43"]
[Time "17:29:16"]
[TimeControl "2700+45"]

1. d4 d5 2. c4 e6 3. Nf3 Nf6 4. Nc3 c6 5. Bg5 Nbd7 6. e4 Qa5 7. e5 Ne4 8. Bd2
Qd8 9. c5 Ndxc5 10. dxc5 Bxc5 11. Nxe4 dxe4 12. Ng5 O-O 13. Nxe4 Qd4 14. Nxc5
Qxe5+ 15. Be3 Qxb2 16. Bc4 Qb4+ 17. Qd2 Qxc4 18. Rd1 b6 19. Nd7 Bxd7 20. Qxd7
Qb4+ 21. Qd2 a5 22. Qxb4 axb4 23. Bxb6 Rxa2 24. Bc5 Re8 25. Bxb4 e5 26. O-O Ra4
27. Bc5 Rc4 28. Bb6 c5 29. Rd5 e4 30. Rfd1 f5 31. Rxf5 e3 32. Re1 exf2+ 33. Kxf2
Rc2+ 34. Kf1 Ra8 35. Rxc5 Rf8+ 36. Kg1 Rcf2 37. Rc8 g5 38. Rxf8+ Rxf8 39. Rf1
Rb8 40. Bc7 Rc8 41. Rc1 h5 42. Kf2 g4 43. h3 gxh3 44. gxh3 h4 45. Kf3 Rf8+ 46.
Kg4 Kg7 47. Rc6 Rg8 48. Kxh4 Rh8+ 49. Kg4 Kf7 50. Be5 Rg8+ 51. Kf5 Ke8 52. Rg6
Rf8+ 53. Ke6 Rf7 54. Rg8+ {Black resigns} 1-0